 Dungeon Crawl Stone Soup version 0.18-a0-1730-g73f0523 (webtiles) character file.

15 M4edhros the Charlatan (level 2, -1/16 HPs)
             Began as an Octopode Artificer on Apr 10, 2016.
             Slain by a kobold (4 damage)
             ... on level 1 of the Dungeon.
             The game lasted 00:00:37 (268 turns).

M4edhros the Charlatan (Octopode Artificer)          Turns: 268, Time: 00:00:38

Health: -1/16      AC:  1    Str: 10    XL:     2   Next: 50%
Magic:  4/4        EV:  9    Int: 14    God:
Gold:   16         SH:  6    Dex: 12    Spells: 0 memorised, 1 level left

rFire  . . .     SeeInvis .     a - +0 short sword
rCold  . . .     Gourm    .     g - -1 shield (curse)
rNeg   . . .     Faith    .     (helmet restricted)
rPois  .         Spirit   .     (no amulet)
rElec  +         Dismiss  .     (no ring)
rCorr  .         Reflect  .     (no ring)
SustAt .         Harm     .     (no ring)
MR     +....                    (no ring)
Stlth  +++.......               (no ring)
                                (no ring)
                                (no ring)
                                (no ring)

@: somewhat resistant to hostile enchantments, fairly stealthy
A: almost no armour, amphibious, 8 rings, constrict 8, camouflage 1, frail 1,
magic resistance 1, electricity resistance, gelatinous body 1
a: no special abilities


You were on level 1 of the Dungeon.
You were not hungry.

You visited 1 branch of the dungeon, and saw 1 of its levels.

You collected 16 gold pieces.

Inventory:

Hand Weapons
 a - a +0 short sword (weapon)
Missiles
 e - 17 sling bullets
 i - 27 stones (quivered)
Armour
 g - a cursed -1 shield (worn)
Wands
 b - a wand of flame (12/48)
 c - a wand of enslavement (14/24)
 d - a wand of random effects (15/48)
Potions
 j - a potion of curing {unknown}
Comestibles
 f - a bread ration
 h - 3 chunks of flesh


   Skills:
 - Level 1.0 Fighting
 - Level 1.0 Short Blades
 - Level 2.0 Dodging
 + Level 2.9 Stealth
 + Level 1.1 Shields
 - Level 3.2 Evocations


You had one spell level left.
You didn't know any spells.

Dungeon Overview and Level Annotations

Branches:
Dungeon (1/15)

Altars:


Innate Abilities, Weirdness & Mutations

You cannot wear most types of armour.
You are amphibious.
You can wear up to eight rings at the same time.
You can use your tentacles to constrict eight enemies at once.
Your skin changes colour to match your surroundings (Stealth).
Your rubbery body absorbs attacks (AC +1).
You are frail (-10% HP).
You are resistant to hostile enchantments.
You are resistant to electric shocks.


Message History

j - an orange potion Key pressed, stopping explore.
No target in view!
You now have 16 gold pieces (gained 5).
A goblin comes into view.
A kobold comes into view.
The kobold shouts!
There are monsters nearby!
Found a stone staircase leading down.
There are monsters nearby!
There are monsters nearby!
You closely miss the goblin.
The goblin shouts!
Your grab misses the goblin. Your squeeze misses the goblin.
You block the goblin's attack. The kobold closely misses you.
Your shield prevents you from hitting the goblin.
Your grab misses the goblin. The goblin hits you.
* * * LOW HITPOINT WARNING * * *
The kobold hits you.
You die...

#### #... ##.#.####
###### ........# #.....
.####.....#########.....
.>....gK(...............
#....@..###.#####.....
###..#.## #.# ###.....
......... #.# #......#
..###....#.##.###......#
.....................
######.# ##..........#
#.# #..........# ...
#..........#
#..........#


You could see a goblin and a kobold.

Vanquished Creatures
  2 dart slugs (D:1)
  A giant gecko (D:1)
  A bat zombie (D:1)
  A hobgoblin (D:1)
  2 jackals (D:1)
  A giant cockroach zombie (D:1)
  2 kobolds (D:1)
10 creatures vanquished.

Vanquished Creatures (others)
  A jackal (D:1)
1 creature vanquished.

Grand Total: 11 creatures vanquished

Notes
Turn   | Place    | Note
--------------------------------------------------------------
     0 | D:1      | M4edhros the Octopode Artificer began the quest for the Orb.
     0 | D:1      | Reached XP level 1. HP: 13/13 MP: 3/3
   186 | D:1      | Reached XP level 2. HP: 13/18 MP: 4/4
   216 | D:1      | Gained mutation: You are resistant to hostile enchantments. [potion of mutation]
   216 | D:1      | Gained mutation: You are resistant to electric shocks. [potion of mutation]
   216 | D:1      | Gained mutation: You are frail (-10% HP). [potion of mutation]
   224 | D:1      | Reached skill level 1 in Shields
   268 | D:1      | Slain by a kobold

Vault maps used:
D:1:      saegor_arrival_fortress

Skill      XL: |  1  2 |
---------------+-------+-----
Stealth        | 2 |  2.9
Shields        | 1 |  1.1
Fighting       | |  1.0
Short Blades   | |  1.0
Dodging        | |  2.0
Evocations     | |  3.2

Action                   || total
-------------------------++-------
Melee: Short sword       ||    21
Evoke: Wand              ||     4
  Use: Potion            ||     1
